cohdb
Replays
Latest Replays
All Replays
Popular Replays
Top Player Replays
Match Explorer
How It Works
Community
CoH3 Stats
Reddit
Sign in to upload your games and track your stats! →
Sign in with Steam
Match 45356539
Unlisted
Match 45356539
Overview
Messages
Build Orders
End
Kettenkrad Recon Vehicle
Construct Infanterie Kompanie
Selects Breakthrough Battlegroup
MG 42 Machine Gun Team
GrW 34 Mortar Team
Grenadier Squad
Grenadier Squad
Construct Panzergrenadier Kompanie
Pak 40 Anti-tank Gun Team
Grenadier Squad
MG 42 Bunker
Panzergrenadier Squad
Support Elements
Infanterie Officer Quarters
Medical Station
Selects Assault Grenadiers
Selects 2.5-tonne Cargo Truck
StuG III G Assault Gun
Nebelwerfer 42 Rocket Launcher Team
Selects Blitzkrieg
Selects Smoke Bombing Run
Smoke Bombing Run
StuG III G Assault Gun
StuG III G Assault Gun
StuG III G Assault Gun
Selects Incendiary Bombing Run
Incendiary Bombing Run
Smoke Bombing Run
Side Skirts
Panzergrenadier Officer Quarters
Pioneer Squad
Incendiary Bombing Run
Panzergrenadier Squad
StuG III G Assault Gun
MG 42 Bunker
Selects Tiger Heavy Tank
Tiger Heavy Tank
Incendiary Bombing Run
Ben.SEZ
H.S.
Prohor
KOCATEPE
TheNounou
Henk
A-Kai
Hirys it's Irys
0
0
Comments
sign in to comment!
No comments posted yet!